 Dungeon Crawl Stone Soup version 0.19-a0-996-g3cba913 (webtiles) character file.

44 Musica the Poker (level 3, -7/28 HPs)
             Began as a Merfolk Gladiator on July 17, 2016.
             Mangled by Sigmund
             ... wielding a +0 scythe
              (11 damage)
             ... on level 2 of the Dungeon.
             The game lasted 00:02:34 (803 turns).

Musica the Poker (Merfolk Gladiator)                 Turns: 803, Time: 00:02:35

Health: -7/28      AC:  4    Str: 15    XL:     3   Next: 62%
Magic:  3/3        EV: 14    Int:  7    God:
Gold:   66         SH:  0    Dex: 15    Spells: 0 memorised, 2 levels left

rFire  . . .     SeeInvis .     a - +0 trident
rCold  . . .     Gourm    .     b - +0 leather armour
rNeg   . . .     Faith    .     (no shield)
rPois  .         Spirit   .     c - +0 helmet
rElec  .         Dismiss  .     (no cloak)
rCorr  .         Reflect  .     (no gloves)
SustAt .         Harm     .     (no boots)
MR     .....                    (no amulet)
Stlth  +.........               (no ring)
                                (no ring)

@: very slightly contaminated, invisible, not resistant to hostile enchantments,
very unstealthy
A: change form in water, swift swim
a: no special abilities


You were on level 2 of the Dungeon.
You were not hungry.

You visited 1 branch of the dungeon, and saw 3 of its levels.

You collected 66 gold pieces.

Inventory:

Hand Weapons
 a - a +0 trident (weapon)
Missiles
 d - 2 throwing nets (quivered)
Armour
 b - a +0 leather armour (worn)
 c - a +0 helmet (worn)
Scrolls
 e - 2 scrolls of magic mapping {unknown}
 g - a scroll of enchant weapon {unknown}
 i - 2 scrolls of identify {unknown}
 j - a scroll of blinking {unknown}
Comestibles
 f - a bread ration


   Skills:
 + Level 2.5 Fighting
 + Level 6.3 Polearms
 - Level 2.0 Throwing
 - Level 4.0 Dodging


You had 2 spell levels left.
You didn't know any spells.

Dungeon Overview and Level Annotations

Branches:
Dungeon (3/15)

Altars:
Ru

Annotations:
D:2 Sigmund


Message History

A puff of flame appears from out of thin air!
The puff of flame hits you!
You hit something. Something hits you.
Your leather armour prevents you from hitting something.
Something hits you!
* * * LOW HITPOINT WARNING * * *
You hit something but do no damage.
It was a potion of curing.
You feel better. Something hits you.
* * * LOW HITPOINT WARNING * * *
It was a potion of invisibility.
You fade into invisibility!
Something hits you but does no damage.
You are very lightly contaminated with residual magic.
You hear some strange, mumbled words.
You are confused.
Something hits you but does no damage.
You bump into the rock wall.
You feel less confused.
You miss something. Something hits you!
You die...

#######.# # #.# #.......######.
#.# #. #.# #..............
######.###. #.# #........#####.
#.......##.##.# #...........##.
#.......#.....# ######.#....##.
##.......#.....# #.#....##.
....###.##.....# #.#....##.
.##............###### #.#....##.
.##.###.........@...# #.#....##.
.#....####.....{....####.#.......
......+..................#.###...
#.....####..........######...+...
#...................##########...
#...................#.....######.
#.........##........#.#####......
#...########........#.# #.####.
#...####.# #........#.# #.#....


There were no monsters in sight!

Vanquished Creatures
  An adder (D:2)
  An ooze (D:1)
  A worm (D:2)
  A dart slug (D:1)
  A giant cockroach (D:2)
  2 goblins (D:1)
  3 hobgoblins
  4 kobolds (D:1)
  8 bats (D:1)
  2 giant newts
  3 rats (D:1)
27 creatures vanquished.

Notes
Turn   | Place    | Note
-------+----------+-------------------------------------------
     0 | D:1      | Musica the Merfolk Gladiator began the quest for the Orb.
     0 | D:1      | Reached XP level 1. HP: 16/16 MP: 1/1
    34 | D:1      | Reached skill level 5 in Polearms
   103 | D:1      | Reached XP level 2. HP: 22/22 MP: 2/2
   206 | D:1      | Reached XP level 3. HP: 19/28 MP: 3/3
   287 | D:1      | Reached skill level 6 in Polearms
   677 | D:2      | Found a sacrificial altar of Ru.
   774 | D:2      | Noticed Sigmund
   792 | D:2      | HP: 1/28 [something (11)]
   803 | D:2      | Mangled by Sigmund

Vault maps used:
D:1:      tarquinn_simple_flora_water_b, nrook_mini_vaults
D:2:      nicolae_ru_sacrificial_ziggurat, uniq_sigmund
D:3:      zin_purify

Skill      XL: |  1  2  3 |
---------------+----------+-----
Polearms       | 5 6 |  6.3
Fighting       | |  2.5
Throwing       | |  2.0
Dodging        | |  4.0

Action                   || total
-------------------------++-------
Melee: Trident           ||    84
Throw: Throwing net      ||     1
  Use: Potion            ||     2
 Stab: Sleeping          ||     1
Armor: Leather armour    ||    16
Dodge: Dodged            ||    40
